 Dungeon Crawl Stone Soup version 0.31-a0-202-g547052bce9 (webtiles) character file.

Game seed: 16836313014986201714

6314 qw the Skirmisher (level 10, -9/63 HPs)
             Began as a Deep Elf Hunter on June 26, 2023.
             Was a Priest of Okawaru.
             Mangled by a death yak (19 damage)
             ... led by a torpor snail
             ... on level 1 of the Lair of Beasts.
             The game lasted 00:03:10 (7275 turns).

qw the Skirmisher (Deep Elf Hunter)                 Turns: 7275, Time: 00:03:11

Health: -9/63      AC: 21    Str:  9    XL:     10   Next: 64%
Magic:  15/15      EV: 14    Int: 17    God:    Okawaru [***...]
Gold:   484        SH:  5    Dex: 18    Spells: 9/9 levels left

rFire   + . .        Y - +2 shortbow (freeze)
rCold   . . .        (shield currently unavailable)
rNeg    + . .        n - +4 ring mail of Walot {Str+2 Int+2}
rPois   +            (no helmet)
rElec   .            (no cloak)
rCorr   .            b - +2 pair of gloves
SInv    +            c - +3 pair of boots of the Moon {+Blink rPois Str-5 SInv}
Will    +....        k - amulet of reflection
Stlth   +            j - ring of positive energy
HPRegen 0.30/turn    h - ring "Sacruph" {Fly rF+ AC+4}
MPRegen 0.14/turn

%: reflection
@: about to teleport, flying, slowed, very slow
A: no striking features
a: Renounce Religion, Evoke Blink, Heroism


You were on level 1 of the Lair of Beasts.
You worshipped Okawaru.
Okawaru was most pleased with you.
You visited 3 branches of the dungeon, and saw 10 of its levels.

You collected 484 gold pieces.


   Skills:
 + Level 7.4 Fighting
 - Level 14.0 Ranged Weapons
 - Level 3.3 Armour
 - Level 9.0 Dodging
 - Level 1.2 Stealth
 - Level 4.0 Invocations


You had 9 spell levels left.
You didn't know any spells.
Your spell library was empty.

Inventory:

Hand Weapons
 Y - a +2 shortbow of freezing (weapon)
Armour
 b - a +2 pair of gloves (worn)
 c - the +3 pair of boots of the Moon (worn) {+Blink rPois Str-5 SInv}
   (You found it on level 3 of the Dungeon)

   Str:       It affects your strength (-5).
   rPois:     It protects you from poison.
   SInv:      It lets you see invisible.
   +Blink:    It lets you blink.
 n - the +4 ring mail of Walot (worn) {Str+2 Int+2}
   (You found it on level 4 of the Dungeon)

   Str:       It affects your strength (+2).
   Int:       It affects your intelligence (+2).
Jewellery
 h - the ring "Sacruph" (right hand) {Fly rF+ AC+4}
   (You found it on level 6 of the Dungeon)

   [ring of protection]

   AC:        It affects your AC (+4).
   rF:        It protects you from fire.
   Fly:       It grants you flight.
 i - a ring of see invisible
 j - a ring of positive energy (left hand)
 k - an amulet of reflection (around neck)
Scrolls
 d - 7 scrolls of teleportation
 g - a scroll of identify
Potions
 e - 2 potions of curing
 f - a potion of resistance
 l - 3 potions of mutation
 m - a potion of cancellation {unknown}
 o - 2 potions of heal wounds

Dungeon Overview and Level Annotations

Branches:
Dungeon (8/15)             Temple (1/1) D:5            Lair (1/5) D:8

Altars:
Ashenzari
Cheibriados
Dithmenos
Elyvilon
Fedhas
Gozag
Hepliaklqana
Kikubaaqudgha
Makhleb
Nemelex Xobeh
Okawaru
Qazlal
Ru
Sif Muna
Trog
Uskayaw
Vehumet
Wu Jian
Xom
Yredelemnul
Zin
The Shining One

Annotations:
D:4 1 runed translucent door
D:6 exclusion: 3 orc warriors


Message History

The arrow freezes the death yak.
The death yak is moderately wounded.
The death yak gores you but does no damage.
You shoot an arrow. The arrow hits the death yak.
The arrow freezes the death yak.
The death yak is moderately wounded.
The death yak misses you.
You shoot an arrow. The arrow hits the death yak.
The arrow freezes the death yak.
The death yak is moderately wounded.
The death yak gores you!
You shoot an arrow. The arrow hits the death yak.
The arrow freezes the death yak.
The death yak is moderately wounded.
The death yak gores you but does no damage.
The death yak misses you.
You shoot an arrow.
The arrow hits the death yak but does no damage.
The death yak is moderately wounded.
The death yak gores you!
You shoot an arrow. The arrow hits the death yak!
The arrow freezes the death yak.
The death yak is heavily wounded.
The death yak gores you but does no damage.
The death yak gores you!
You shoot an arrow.
The arrow hits the death yak but does no damage.
The death yak is heavily wounded.
The death yak barely misses you. The death yak gores you! x2
You shoot an arrow.
The arrow hits the death yak but does no damage.
The death yak gores you.
7275 ||| READING 8 scrolls of teleportation.
As you read the scroll of teleportation, it crumbles to dust.
You feel strangely unstable.
You feel like a meek peon again.
The death yak gores you but does no damage.
The death yak gores you. The torpor snail barely misses you.
The death yak gores you!!
You die...

.#.#.#.#..........#..
###.......#..........#..
..........#.........%...
................^.......
..........#..........#..
..#.......#..........#..
..........#....}........
......Y....###.#..##P...
......w@.}..............
......Y########...^.P.#.
..[..$# ##.>..#..#
...... ##....#..# ..P..
#.....'..# .##..
##....##.# .. #........
... #........ ..........


You could see 2 death yaks and a torpor snail.

Vanquished Creatures
  A two-headed ogre (D:7)
  Pikel (D:7)
  An elephant (D:8)
  An unseen horror (D:7)
  Maggie (D:6)
  A cane toad (Lair:1)
  A troll (D:6)
  Grinder (D:6)
  3 wyverns
  A steam dragon (D:7)
  Grum (D:8)
  2 water moccasins (D:7)
  2 sky beasts (D:7)
  5 black bears
  An orc warrior (D:6)
  4 ogres
  A centaur (D:7)
  3 wolves (D:8)
  3 phantoms
  A kobold brigand (D:8)
  Blork the orc (D:6)
  A bullfrog (D:8)
  2 scorpions (D:4)
  4 killer bees (D:8)
  A howler monkey (D:7)
  A jelly (D:7)
  2 hounds (D:5)
  An orc priest (D:6)
  A gnoll bouda (D:8)
  A human skeleton (D:4)
  3 iguanas
  3 orc wizards
  4 sleepcaps
  11 gnolls
  6 adders
  A river rat (D:6)
  2 white imps
  2 worms (D:3)
  3 dart slugs
  21 orcs
  2 ball pythons
  10 bats
  7 endoplasms
  6 giant cockroaches
  4 goblins
  6 hobgoblins
  3 jackals (D:5)
  29 kobolds
  4 quokkas
  6 frilled lizards
  A kobold zombie (D:4)
  2 rats
186 creatures vanquished.

Notes
Turn   | Place    | Note
-------+----------+-------------------------------------------
     0 | D:1      | qw the Deep Elf Hunter began the quest for the Orb.
     0 | D:1      | Reached XP level 1. HP: 12/12 MP: 3/3
     0 | D:1      | 0 ||| qw: Version: 0.3-a-22-g0ed2b0b
     0 | D:1      | 0 ||| qw: Game counter: 6310
     0 | D:1      | 0 ||| qw: Melee chars always use a shield: true
     0 | D:1      | 0 ||| qw: God list: Okawaru
     0 | D:1      | 0 ||| qw: Allow faded altars: false
     0 | D:1      | 0 ||| qw: Do Orc after clearing Dungeon:15 true
     0 | D:1      | 0 ||| qw: Do second Lair branch before Depths: true
     0 | D:1      | 0 ||| qw: Lair rune preference: random
     0 | D:1      | 0 ||| qw: Goals: Normal
     0 | D:1      | 0 ||| PLANNING D:1-11
   278 | D:1      | Reached XP level 2. HP: 16/16 MP: 4/4
   317 | D:1      | Reached skill level 6 in Ranged Weapons
   776 | D:1      | 776 ||| UPGRADING to amulet of reflection.
   781 | D:1      | 781 ||| DROPPING +6 ring of intelligence.
   782 | D:1      | 782 ||| READING scroll labelled XICSIE PUSO.
   810 | D:1      | 810 ||| READING 2 scrolls labelled JOPLYI WEISI.
   811 | D:1      | 811 ||| READING scroll labelled RIUGECVUOSO.
   812 | D:1      | 812 ||| READING scroll labelled OLIOLI ENUCUMM.
   813 | D:1      | 813 ||| READING scroll labelled CETAIS YCUKHEESS.
   817 | D:1      | 817 ||| READING scroll labelled IRIADW ENOA.
   818 | D:1      | 818 ||| DROPPING scroll of butterflies.
   839 | D:2      | Reached XP level 3. HP: 20/20 MP: 5/5
   889 | D:2      | Reached skill level 7 in Ranged Weapons
   970 | D:2      | 970 ||| Stepping ~*~*~tactically~*~*~ (outnumbered).
  1003 | D:2      | 1003 ||| READING scroll of enchant weapon.
  1003 | D:2      | 1003 ||| ENCHANTING +1 shortbow.
  1117 | D:2      | Reached XP level 4. HP: 15/25 MP: 6/6
  1632 | D:2      | 1632 ||| UPGRADING to +0 pair of gloves.
  1637 | D:2      | 1637 ||| UPGRADING to +0 ring mail.
  1647 | D:2      | 1647 ||| DROPPING +0 leather armour.
  1648 | D:2      | 1648 ||| UPGRADING to ring of positive energy.
  1649 | D:2      | 1649 ||| DRINKING 2 coppery potions.
  1700 | D:3      | 1700 ||| READING scroll of enchant armour.
  1700 | D:3      | 1700 ||| ENCHANTING +0 pair of gloves.
  1712 | D:3      | 1712 ||| READING scroll of enchant weapon.
  1712 | D:3      | 1712 ||| ENCHANTING +2 shortbow.
  1738 | D:3      | Identified the +3 pair of boots of the Moon {+Blink rPois
                  | Str-5 SInv}
  1894 | D:3      | Reached skill level 8 in Ranged Weapons
  2155 | D:3      | 2155 ||| UPGRADING to +3 pair of boots of the Moon {+Blink
                  | rPois Str-5 SInv}.
  2160 | D:3      | 2160 ||| DRINKING 2 fuming golden potions.
  2264 | D:3      | 2264 ||| READING 3 scrolls of identify.
  2264 | D:3      | 2264 ||| IDENTIFYING sedimented dark potion
  2265 | D:3      | 2265 ||| READING 2 scrolls of identify.
  2265 | D:3      | 2265 ||| IDENTIFYING inky potion
  2266 | D:3      | 2266 ||| DROPPING potion of berserk rage.
  2267 | D:3      | 2267 ||| DROPPING potion of brilliance.
  2410 | D:4      | Found a stormy altar of Qazlal.
  2410 | D:4      | Noticed a scorpion
  2413 | D:4      | Killed a scorpion
  2414 | D:4      | Reached XP level 5. HP: 29/29 MP: 7/7
  2448 | D:4      | Identified the +4 spear of Earthquakes {heavy, *Slow rElec
                  | Str-4 Int+6}
  2531 | D:4      | Found a runed translucent door.
  2531 | D:4      | Noticed a human
  2532 | D:4      | Found a basalt altar of Yredelemnul.
  2603 | D:4      | Identified the +4 ring mail of Walot {Str+2 Int+2}
  2749 | D:4      | Reached skill level 9 in Ranged Weapons
  2753 | D:4      | Reached XP level 6. HP: 35/35 MP: 8/8
  2925 | D:4      | 2925 ||| UPGRADING to +4 ring mail of Walot {Str+2 Int+2}.
  2935 | D:4      | 2935 ||| DROPPING +0 ring mail.
  2936 | D:4      | 2936 ||| READING scroll labelled IDIXIC ZOPAFOH.
  2937 | D:4      | 2937 ||| READING 3 scrolls of identify.
  2937 | D:4      | 2937 ||| IDENTIFYING clear potion
  2938 | D:4      | 2938 ||| READING 2 scrolls of identify.
  2938 | D:4      | 2938 ||| IDENTIFYING glowing inky potion
  2939 | D:4      | 2939 ||| DROPPING potion of lignification.
  2955 | D:5      | Entered Level 5 of the Dungeon
  2983 | D:5      | Reached skill level 1 in Armour
  3000 | D:5      | Reached skill level 10 in Ranged Weapons
  3084 | D:5      | Reached skill level 3 in Dodging
  3128 | D:5      | Reached XP level 7. HP: 29/40 MP: 9/9
  3223 | D:5      | Reached skill level 11 in Ranged Weapons
  3229 | D:5      | Found a staircase to the Ecumenical Temple.
  3230 | D:5      | 3230 ||| PLANNING TEMPLE
  3238 | Temple   | Entered the Ecumenical Temple
  3239 | Temple   | 3239 ||| PLANNING OKAWARU WORSHIP
  3246 | Temple   | Became a worshipper of Warmaster Okawaru
  3247 | Temple   | 3247 ||| PLANNING D:1-11
  3440 | D:5      | Found a glowing silver altar of Zin.
  3441 | D:5      | Found a sacrificial altar of Ru.
  3442 | D:5      | Found an ancient bone altar of Kikubaaqudgha.
  3465 | D:5      | Noticed a wyvern
  3474 | D:5      | Killed a wyvern
  3475 | D:5      | Reached skill level 12 in Ranged Weapons
  3611 | D:5      | Reached XP level 8. HP: 45/45 MP: 10/10
  3632 | D:5      | 3632 ||| READING 3 scrolls labelled GUNAENW NUMN.
  3633 | D:5      | 3633 ||| DRINKING 2 fizzy silvery potions.
  3634 | D:5      | 3634 ||| READING 2 scrolls of identify.
  3634 | D:5      | 3634 ||| IDENTIFYING pink potion
  3635 | D:5      | 3635 ||| DROPPING 2 scrolls of immolation.
  3636 | D:5      | 3636 ||| DROPPING potion of degeneration.
  3642 | D:6      | 3642 ||| PLANNING SEWER
  3713 | D:6      | 3713 ||| READING scroll of enchant weapon.
  3713 | D:6      | 3713 ||| ENCHANTING +3 shortbow.
  3717 | D:6      | Identified the ring "Sacruph" {Fly rF+ AC+4}
  3743 | D:6      | 3743 ||| Stepping ~*~*~tactically~*~*~ (outnumbered).
  3753 | D:6      | 3753 ||| UPGRADING to ring "Sacruph" {Fly rF+ AC+4}.
  3755 | D:6      | 3755 ||| READING scroll labelled BUOTOD DEERAT.
  3763 | D:6      | 3763 ||| Stepping ~*~*~tactically~*~*~ (outnumbered).
  3765 | D:6      | Reached * piety under Okawaru
  3766 | D:6      | Reached skill level 3 in Fighting
  3766 | D:6      | 3766 ||| INVOKING Heroism.
  3768 | D:6      | 3768 ||| Stepping ~*~*~tactically~*~*~ (outnumbered).
  3930 | D:6      | Found a glowing golden altar of the Shining One.
  3948 | D:6      | Found a hide-covered altar of Uskayaw.
  3965 | D:6      | 3965 ||| INVOKING Heroism.
  4061 | D:6      | Noticed Maggie
  4077 | D:6      | Killed Maggie
  4078 | D:6      | Reached skill level 13 in Ranged Weapons
  4195 | D:6      | 4195 ||| INVOKING Heroism.
  4202 | D:6      | Reached skill level 1 in Invocations
  4241 | D:6      | 4241 ||| RIP SEWER
  4261 | D:6      | 4261 ||| PLANNING D:1-11
  4407 | D:6      | Noticed Grinder
  4408 | D:6      | 4408 ||| INVOKING Heroism.
  4413 | D:6      | Killed Grinder
  4414 | D:6      | Reached skill level 14 in Ranged Weapons
  4649 | D:6      | Noticed Blork the orc
  4650 | D:6      | 4650 ||| INVOKING Heroism.
  4659 | D:6      | Killed Blork the orc
  4660 | D:6      | Reached skill level 3 in Invocations
  4708 | D:6      | Noticed a troll
  4709 | D:6      | 4709 ||| INVOKING Heroism.
  4714 | D:6      | Killed a troll
  4715 | D:6      | Reached XP level 9. HP: 51/51 MP: 10/13
  4928 | D:6      | 4928 ||| READING scroll labelled EBLU ZEOTT.
  4959 | D:7      | 4959 ||| FLEEEEING.
  4960 | D:7      | 4960 ||| FLEEEEING.
  4961 | D:7      | 4961 ||| FLEEEEING.
  4962 | D:7      | 4962 ||| STAIRDANCE
  4976 | D:7      | 4976 ||| STAIRDANCE
  5044 | D:7      | 5044 ||| INVOKING Heroism.
  5053 | D:7      | Noticed Pikel
  5055 | D:7      | Reached ** piety under Okawaru
  5056 | D:7      | 5056 ||| FLEEEEING.
  5057 | D:7      | 5057 ||| FLEEEEING.
  5058 | D:7      | 5058 ||| FLEEEEING.
  5059 | D:7      | 5059 ||| FLEEEEING.
  5061 | D:7      | 5061 ||| FLEEEEING.
  5062 | D:7      | 5062 ||| FLEEEEING.
  5063 | D:7      | 5063 ||| FLEEEEING.
  5064 | D:7      | 5064 ||| STAIRDANCE
  5161 | D:7      | 5161 ||| INVOKING Heroism.
  5175 | D:7      | Killed Pikel
  5176 | D:7      | Reached skill level 3 in Armour
  5194 | D:7      | 5194 ||| STAIRDANCE
  5255 | D:7      | Reached skill level 6 in Dodging
  5275 | D:7      | 5275 ||| INVOKING Heroism.
  5287 | D:7      | Noticed a two-headed ogre
  5296 | D:7      | 5296 ||| INVOKING Heroism.
  5299 | D:7      | Killed a two-headed ogre
  5299 | D:7      | Reached *** piety under Okawaru
  5300 | D:7      | Reached XP level 10. HP: 39/60 MP: 12/15
  5370 | D:7      | 5370 ||| SWAPPING to +2 shortbow of freezing.
  5371 | D:7      | 5371 ||| DROPPING +4 shortbow.
  5603 | D:7      | Reached skill level 6 in Fighting
  5661 | D:7      | 5661 ||| READING scroll of enchant armour.
  5661 | D:7      | 5661 ||| ENCHANTING +1 pair of gloves.
  5807 | D:7      | 5807 ||| READING scroll labelled GUOLUZ ZOCUS.
  5808 | D:7      | 5808 ||| READING 2 scrolls of identify.
  5808 | D:7      | 5808 ||| IDENTIFYING fizzy black potion
  5809 | D:7      | 5809 ||| DROPPING potion of attraction.
  5846 | D:8      | 5846 ||| INVOKING Heroism.
  5846 | D:8      | Noticed an elephant
  5871 | D:8      | Killed an elephant
  6022 | D:8      | Found a staircase to the Lair.
  6071 | D:8      | 6071 ||| INVOKING Heroism.
  6283 | D:8      | Reached skill level 9 in Dodging
  6428 | D:8      | 6428 ||| Stepping ~*~*~tactically~*~*~ (outnumbered).
  6442 | D:8      | Noticed Grum
  6443 | D:8      | 6443 ||| INVOKING Heroism.
  6444 | D:8      | 6444 ||| Stepping ~*~*~tactically~*~*~ (outnumbered).
  6454 | D:8      | Killed Grum
  6473 | D:8      | Reached **** piety under Okawaru
  6475 | D:8      | 6475 ||| INVOKING Heroism.
  7169 | D:8      | 7169 ||| PLANNING LAIR
  7169 | D:8      | 7169 ||| DROPPING +1 pair of gloves.
  7204 | Lair:1   | Entered Level 1 of the Lair of Beasts
  7237 | Lair:1   | Noticed a cane toad
  7238 | Lair:1   | 7238 ||| INVOKING Heroism.
  7241 | Lair:1   | Killed a cane toad
  7260 | Lair:1   | Noticed a death yak
  7261 | Lair:1   | 7261 ||| INVOKING Heroism.
  7264 | Lair:1   | Noticed a death yak
  7266 | Lair:1   | Noticed a torpor snail
  7274 | Lair:1   | HP: 14/63 [death yak[a torpor snail] (6)]
  7275 | Lair:1   | 7275 ||| READING 8 scrolls of teleportation.
  7275 | Lair:1   | Mangled by a death yak

Levels and vault maps discovered:
D:1:      dpeg_arrival_circle_labyrinth_c, layout_basic
D:2:      layout_loops_ring, lexackson_kobold_supper
D:3:      layout_rooms
D:4:      layout_loops_ring, lemuel_doored_altar, dk_yredelemnul_ordeal
D:5:      layout_rooms, chequers_temple_overflow_statue_of_worship,
          minmay_temple_entry_tees
D:6:      layout_loops_corners, grunt_temple_overflow_open,
          gup_sewer_entry_bowl, uniq_blork_the_orc, uniq_grinder, uniq_maggie
D:7:      layout_rooms, minmay_manual_mess, uniq_pikel
D:8:      kennysheep_kobold_camp, layout_layer_cave, david_lair_generic,
          uniq_grum
Temple:   nicolae_temple_no_exploring_needed
Lair:1:   layout_chaotic_city, portal_ice_cave_entry_ice_simulacra

Skill      XL: |  1  2  3  4  5  6  7  8  9 10 |
---------------+-------------------------------+-----
Ranged Weapons | 6 7 8 9 10 12 14 | 14.0
Fighting       | 2 3 5 7 |  7.4
Armour         | 1 3 |  3.3
Dodging        | 3 4 6 9 |  9.0
Invocations    | 3 4 |  4.0
Stealth        | |  1.2

Action                     |  1- 3 |  4- 6 |  7- 9 | 10-12 || total
---------------------------+-------+-------+-------+-------++-------
   Fire: Shortbow          |    98 |   147 |   239 |   203 ||   687
 Invoke: Heroism           |       |       |    10 |     6 ||    16
    Use: Scroll            |     7 |     7 |     5 |     4 ||    23
         Potion            |       |     2 |     1 |       ||     3
 Armour: Leather armour    |    13 |       |       |       ||    13
         Ring mail         |       |    19 |    70 |    62 ||   151
  Dodge: Dodged            |    17 |    14 |    65 |    86 ||   182
  Block: Other             |     6 |     6 |    33 |    30 ||    75
         Reflection        |       |       |     2 |     1 ||     3

Table legend:
 A = Non-vault XP
 B = Vault XP
 C = Vault XP percentage of total XP
 D = Non-vault monster count
 E = Vault monster count
 F = Vault count percentage of total count
                 A         B        C        D         E       F
            +---------+---------+-------+---------+---------+-------
      Total |    4849 |    4171 |  46.2 |     134 |      52 |  28.0
            +---------+---------+-------+---------+---------+-------
        D:1 |      37 |       0 |   0.0 |      19 |       0 |   0.0
        D:2 |      68 |      11 |  13.9 |      18 |       8 |  30.8
        D:3 |      56 |       0 |   0.0 |      18 |       0 |   0.0
        D:4 |     222 |      38 |  14.6 |      11 |       2 |  15.4
        D:5 |    1011 |       0 |   0.0 |      19 |       0 |   0.0
        D:6 |     832 |     768 |  48.0 |      21 |       6 |  22.2
        D:7 |    1506 |    1813 |  54.6 |      11 |       7 |  38.9
        D:8 |     614 |    1541 |  71.5 |      15 |      29 |  65.9
     Lair:1 |     503 |       0 |   0.0 |       2 |       0 |   0.0
            +---------+---------+-------+---------+---------+-------
